 Dungeon Sprint DCSS version 0.28-a0-476-g0f06bd746f (webtiles) character file.

Game seed: 14403863343436654852

0 xpp the Sneak (level 1, -2/11 HPs)
             Began as an Octopode Hedge Wizard on Sept 17, 2021.
             Was an Initiate of Sif Muna.
             Killed from afar by a hell hound (13 damage)
             ... with a blast of flame
             ... in the Dungeon (Sprint V: "Ziggurat Sprint").
             The game lasted 00:04:10 (127 turns).

xpp the Sneak (Octopode Hedge Wizard)                Turns: 127, Time: 00:04:12

Health: -2/11      AC:  1    Str: 21    XL:     1   Next: 10%
Magic:  4/4        EV: 13    Int: 28    God:    Sif Muna [......]
Gold:   0          SH:  7    Dex: 23    Spells: 5/6 levels left

rFire   . . .      SeeInvis .   C - +5 quick blade
rCold   . . .      Faith    .   a - +3 buckler
rNeg    . . .      Spirit   .   b - +0 hat
rPois   .          Reflect  .   (no amulet)
rElec   .          Harm     .   s - ring of flight
rCorr   .          Rampage  .   t - +6 ring of dexterity
Will    .....      NoTele   +   u - +6 ring of dexterity
Stlth   ++++......              v - +6 ring of intelligence
HPRegen 0.03/turn               w - +6 ring of intelligence
MPRegen 0.09/turn               x - +6 ring of strength
                                y - +6 ring of strength
                                (no ring)

@: flying
A: almost no armour, amphibious, 8 rings, camouflage 1, gelatinous body 1,
(nimble swimmer 1), tentacles
a: Renounce Religion


You were in the Dungeon.
You worshipped Sif Muna.
Sif Muna was noncommittal.
You visited 1 branch

Inventory:

Hand Weapons
 C - a +5 quick blade (weapon)
 D - the +9 heavy crossbow "Sniper" {vorpal, Acc+∞ SInv}
   (You found it in the Dungeon)

   Any ammunition fired from it inflicts extra damage upon your enemies.
   Any ammunition fired from it never misses its target.
   SInv:      It lets you see invisible.
Missiles
 E - 1000 bolts
Armour
 a - a +3 buckler (worn)
 b - a +0 hat (worn)
Jewellery
 s - a ring of flight (left tentacle)
 t - a +6 ring of dexterity (right tentacle)
 u - a +6 ring of dexterity (on tentacle)
 v - a +6 ring of intelligence (on tentacle)
 w - a +6 ring of intelligence (on tentacle)
 x - a +6 ring of strength (on tentacle)
 y - a +6 ring of strength (on tentacle)
Wands
 z - a wand of mindburst (7)
 A - a wand of iceblast (6)
 B - a wand of acid (6)
Scrolls
 h - 4 scrolls of blinking
 n - 4 scrolls of amnesia
 o - 7 scrolls of fog
 p - a scroll of holy word
 q - 5 scrolls of identify
 r - 2 scrolls of fear
Potions
 c - 10 potions of curing
 d - 9 potions of heal wounds
 e - 6 potions of haste
 f - 7 potions of magic
 g - 3 potions of berserk rage
 i - 2 potions of brilliance
 j - 2 potions of invisibility
 k - 4 potions of resistance
 l - a potion of experience
 m - 5 potions of might


   Skills:
 + Level 2.2 Dodging
 * Level 3.3 Stealth
 - Level 3.0 Spellcasting
 - Level 1.0 Conjurations
 - Level 1.0 Summonings
 - Level 1.0 Translocations


You had 5 spell levels left.
You knew the following spells:

 Your Spells              Type           Power      Damage    Failure   Level
a - Magic Dart            Conj           36%        1d4       9%          1

Your spell library contained the following spells:

 Spells                   Type           Power      Damage    Failure   Level
 Blink                    Tloc           N/A        N/A       14%         2
 Call Imp                 Summ           9%         N/A       14%         2
 Slow                     Hex            4%         N/A       21%         2
 Conjure Flame            Conj/Fire      7%         6-21      32%         3
 Mephitic Cloud           Conj/Pois/Air  6%         N/A       34%         3


Dungeon Overview and Level Annotations

Branches:
Dungeon (1/1)

Altars:
Ashenzari
Cheibriados
Dithmenos
Elyvilon
Fedhas
Gozag
Hepliaklqana
Kikubaaqudgha
Makhleb
Nemelex Xobeh
Okawaru
Qazlal
Ru
Sif Muna
Trog
Uskayaw
Vehumet
Wu Jian
Xom
Yredelemnul
Zin
The Shining One
Beogh
Jiyva
Lugonu

Annotations:
D 1 transporter


Innate Abilities, Weirdness & Mutations

You cannot wear most types of armour.
You are amphibious.
You can wear up to eight rings at the same time.
Your skin changes colour to match your surroundings (Stealth+).
Your rubbery body absorbs attacks. (AC +1, EV +1)
((You are camouflaged near water. (Stealth+)))
You have tentacles for arms and can constrict up to eight enemies at once.


Message History

a +5 bardiche; a +5 demon trident
There is a transporter here.
Welcome to arena 1.
You enter the transporter and appear at another place.
A hell hound and a skeleton come into view.
Found a book of Sloth and a +2 vorpal flail.
Found a transporter.
The hell hound barks!
The hell hound bites you!
Ouch! That really hurt!
* * * LOW HITPOINT WARNING * * *
You feel much better. You block the hell hound's attack.
That's the wrong kind of item! (Use * to select it.) Evoke which item? (* to show all) (? for menu, Esc to quit)
You don't have any such object.
Evoke which item? (* to show all) (? for menu, Esc to quit)
Aiming: Iceblast
Press: ? - help, Shift-Dir - straight line The mass of ice explodes!
The iceblast engulfs the quokka skeleton!
The quokka skeleton partially resists.
You destroy the quokka skeleton!
Sif Muna accepts your kill.
The iceblast engulfs the hell hound!
The hell hound is frozen!
The hell hound is heavily wounded.
The hell hound barely misses you. x2
Your Stealth skill increases to level 3!
Aiming: Corrosive Bolt
Press: ? - help, Shift-Dir - straight line, f - hell hound
Aim: a hell hound (heavily wounded, 60% to hit)
The bolt of acid hits the hell hound!
The hell hound is almost dead.
The hell hound closely misses you.
You miss the hell hound. You grab the hell hound.
The hell hound is almost dead.
You constrict the hell hound. The hell hound breathes flames at you.
The blast of flame hits you!
Ouch! That really hurt!
You die...

▓▓▓▓▓▓▓
▓.8©8.▓
▓.....▓
▓.).:.▓
▓...h.▓
▓...@.▓
▓..©..▓
▓▓▓▓▓▓▓


You could see a hell hound (catching breath).

Vanquished Creatures
  A quokka skeleton (D)
1 creature vanquished.

Notes
Turn   | Place    | Note
-------+----------+-------------------------------------------
     0 | D        | xpp the Octopode Hedge Wizard began the quest for the Orb.
     0 | D        | Reached XP level 1. HP: 11/11 MP: 4/4
     0 | D        | Found a shimmering blue altar of Sif Muna.
     0 | D        | Found a sacrificial altar of Ru.
     0 | D        | Found a bloodstained altar of Trog.
     0 | D        | Found a stormy altar of Qazlal.
     0 | D        | Found an iron altar of Okawaru.
     0 | D        | Found a sparkling altar of Nemelex Xobeh.
     0 | D        | Found a blossoming altar of Fedhas.
     0 | D        | Found the +6 Majin-Bo {vamp, MP+6 Int+6}
     0 | D        | Found the +9 heavy crossbow "Sniper" {vorpal, Acc+∞ SInv}
     0 | D        | Found the +10 dark maul {vorpal}
     0 | D        | Found the +15 Maxwell's patent armour {-Cast -Tele rElec
                  | Will+ rCorr}
     0 | D        | Found the +18 shield of the Gong {rElec rN+ Will+ EV-5}
     0 | D        | Found the +14 obsidian axe {vorpal, Mesm Drain Fly SInv}
     0 | D        | Found the +7 great mace "Firestarter" {inner flame, rF++}
     0 | D        | Found the +6 shillelagh "Devastator" {shatter}
     0 | D        | Found the +11 plutonium sword {Contam Stlth-}
     0 | D        | Found the +8 lance "Wyrmbane" {slay drac, rPois rF+ rC+
                  | AC+3}
     0 | D        | Found the +9 sword of Zonguldrok {reap}
     0 | D        | Found the +13 scythe of Curses {drain, Drain}
     0 | D        | Found the +5 sword of Power {vorpal}
     0 | D        | Found the +7 mace of Variability {chain chaos}
     0 | D        | Found the +7 Singing Sword {vorpal, sonic wave}
     0 | D        | Found the +8 storm bow {elec, penet}
     2 | D        | Found an ancient bone altar of Kikubaaqudgha.
     2 | D        | Found a transporter.
     2 | D        | Found a corrupted altar of Lugonu.
     2 | D        | Found a viscous altar of Jiyva.
     2 | D        | Found a burning altar of Makhleb.
     2 | D        | Found a hazy altar of Hepliaklqana.
     2 | D        | Found an opulent altar of Gozag.
    66 | D        | Became a worshipper of Sif Muna the Loreminder
   122 | D        | Entered arena 2.
   122 | D        | Noticed a hell hound
   122 | D        | Found a transporter.
   127 | D        | Killed from afar by a hell hound

Illustrated notes

Levels and vault maps discovered:
D:        sprint_v [room_start, room_1, room_2, room_3, room_4, room_5, room_6,
          room_7, room_8, room_9, room_10, room_11, room_12, room_13, room_14,
          room_15, room_16, room_17, room_18, room_19, room_20, room_21,
          room_22, room_23, room_24, room_25, room_26, room_27]

Skill      XL: |  1 |
---------------+----+-----
Stealth        | 3 |  3.3
Dodging        | |  2.2
Spellcasting   | |  3.0
Conjurations   | |  1.0
Summonings     | |  1.0
Translocations | |  1.0

Action                   || total
-------------------------++-------
Melee: Quick blade       ||     1
       Constrict         ||     1
Evoke: Wand              ||     2
  Use: Potion            ||     1
Dodge: Dodged            ||     3
Block: Buckler           ||     1

Table legend: (Time is in decaauts)
 A = Elapsed time spent in this place.
 B = Non-inter-level travel time spent in this place.
 C = Inter-level travel time spent in this place.
 D = Time resting spent in this place.
 E = Time spent auto-exploring this place.
 F = Levels seen in this place.
 G = Mean time per level.
                   A        B        C        D        E       F      G
               +--------+--------+--------+--------+--------+-----+--------+
         Total |    123 |    123 |      0 |      0 |      0 |   1 |  123.0 |
       Dungeon |    123 |    123 |      0 |      0 |      0 |   1 |  123.0 |
               +--------+--------+--------+--------+--------+-----+--------+

Top non-repeatable levels by time:
       D: 123 daAuts
